Map: Néfor I

Players

Shadowphobia - Winner!

  • Race: Protoss Protoss
  • Spawn Location: 12:00

xXkazperXx - Winner!

  • Race: Zerg Zerg
  • Spawn Location: 1:00

Omnyx - Winner!

  • Race: Terran Terran
  • Spawn Location: 1:00

RANURA DE IA (Media)

  • Race: Terran Terran
  • Spawn Location: 7:00

RANURA DE IA (Media)

  • Race: Protoss Protoss
  • Spawn Location: 6:00

RANURA DE IA (Media)

  • Race: Protoss Protoss
  • Spawn Location: 7:00

VOD

Have the link to the VOD?

Description

Time

  • Played on: Dec. 25, 2015, 7:48 p.m.
  • Length: 16:56
Show
View Real Time Build Order
Export as new Build Order

Shadowphobia Protoss - Winner!

Build Orders:  

Get SALT Encoding   

  12  0:03  Probe (Chrono Boost)  
  13  0:18  Pylon  
  13  0:23  Assimilator  
  13  0:39  Pylon  
  13  0:41  Assimilator  
  13  0:48  Probe (Chrono Boost)  
  14  0:58  Probe (Chrono Boost)  
  15  1:09  Probe (Chrono Boost)  
  16  1:17  Gateway  
  16  1:19  Probe (Chrono Boost)  
  17  1:30  Probe (Chrono Boost)  
  18  1:34  Forge  
  18  1:40  Probe (Chrono Boost)  
  19  1:51  Probe (Chrono Boost)  
  20  2:01  Probe (Chrono Boost)  
  21  2:12  Probe (Chrono Boost)  
  22  2:25  Gateway  
  22  2:26  Gateway x2  
  22  2:29  Gateway  
  22  2:47  Cybernetics Core  
  22  3:27  Gateway  
  22  3:31  Pylon  
  22  3:34  Nexus  
  22  3:36  Pylon  
  22  3:37  Probe (Chrono Boost)  
  23  3:51  Assimilator  
  23  3:56  Assimilator  
  23  4:02  Pylon  
  23  4:05  Pylon  
  23  4:10  Warp Gate (Chrono Boost)  
  23  4:15  Mothership Core  
  25  4:29  Stalker x2  
  25  4:30  Stalker  
  31  4:49  Probe  
  32  5:00  Probe  
  33  5:10  Probe  
  34  5:21  Probe  
  35  5:31  Probe  
  36  5:42  Probe  
  31  5:52  Probe  
  32  6:04  Probe  
  30  6:10  Mothership Core  
  33  6:14  Probe  
  33  6:16  Protoss Shields Level 1  
  34  6:25  Probe  
  35  6:33  Stalker x3  
  35  6:34  Stalker x2  
  35  6:35  Nexus, Stalker, Probe  
  48  6:45  Twilight Council  
  48  6:46  Probe  
  49  6:55  Assimilator  
  49  6:57  Assimilator  
  49  7:01  Pylon  
  49  7:05  Pylon  
  49  7:24  Blink (Chrono Boost)  
  49  7:43  Probe  
  50  7:54  Probe  
  50  7:56  Stalker  
  50  7:57  Stalker x3  
  50  7:58  Stalker x2  
  61  8:04  Probe  
  63  8:06  Probe  
  63  8:10  Protoss Ground Armor Level 1  
  65  8:15  Probe  
  65  8:16  Probe  
  67  8:22  Stalker x2  
  67  8:23  Stalker x2  
  67  8:24  Stalker x2  
  67  8:25  Probe  
  79  8:27  Probe  
  81  8:38  Probe  
  82  8:48  Probe  
  83  8:59  Probe  
  84  9:09  Probe  
  84  9:15  Stalker  
  84  9:16  Stalker x2  
  91  9:17  Stalker x2  
  91  9:18  Stalker  
  91  9:20  Probe  
  98  9:30  Probe  
  99  9:41  Probe  
  94  10:04  Protoss Ground Weapons Level 1  
  94  10:31  Probe  
  95  10:42  Probe  
  96  10:52  Probe  
  97  11:03  Pylon, Probe  
  97  11:06  Nexus  
  98  11:13  Assimilator  
  98  11:17  Assimilator  
  94  11:22  Pylon  
  94  11:24  Pylon  
  94  11:35  Stalker  
  94  11:36  Stalker x2  
  94  11:37  Stalker x3  
  72  12:31  Stalker  
  72  12:32  Stalker x3  
  72  12:33  Stalker  
  72  12:34  Stalker  
  72  12:36  Probe  
  85  12:46  Probe  
  86  12:57  Probe  
  83  13:07  Probe  
  83  13:09  Stalker x2  
  83  13:10  Stalker x3  
  83  13:11  Stalker  
  90  13:18  Probe  
  77  13:35  Stalker  
  77  13:36  Stalker x2  
  77  13:37  Stalker x3  
  85  14:18  Stalker  
  85  14:19  Stalker x3  
  85  14:20  Stalker x2  
  95  15:13  Stalker x2  
  99  15:14  Stalker x3  
  99  15:15  Stalker  
  105  16:09  Stalker x3  
  105  16:10  Stalker x2  
  105  16:11  Stalker  
Show
View Real Time Build Order
Export as new Build Order

xXkazperXx Zerg - Winner!

Build Orders: Pool First 

Get SALT Encoding   

  12  0:03  Drone  
  13  0:17  Drone  
  14  0:38  Overlord  
  14  0:39  Overlord  
  14  1:00  Drone x2  
  16  1:14  Extractor  
  15  1:22  Spawning Pool  
  15  1:23  Drone x3  
  17  1:43  Overlord  
  17  1:51  Drone  
  18  2:11  Zergling x4  
  20  2:17  Hatchery, Queen  
  21  2:23  Extractor  
  21  2:29  Drone x2, Roach Warren  
  21  2:46  Overlord  
  21  2:55  Zergling x2  
  22  3:08  Drone  
  23  3:20  Roach  
  25  3:28  Metabolic Boost  
  25  3:33  Drone  
  26  3:38  Zergling x6  
  29  3:46  Queen  
  29  3:48  Drone x2  
  33  4:10  Hatchery  
  32  4:20  Drone  
  32  4:21  Drone x2  
  35  4:29  Roach x4  
  43  4:41  Overlord  
  43  4:42  Overlord  
  43  4:53  Drone x3  
  43  4:58  Drone  
  43  4:59  Drone  
  36  6:07  Zergling x2  
  36  6:08  Zergling x4  
  39  6:15  Roach x3  
  45  6:19  Drone x3  
  45  6:21  Queen  
  50  6:42  Zergling x4  
  52  6:47  Roach  
  52  6:48  Roach x5  
  47  7:39  Zergling x6  
  50  7:47  Zergling x4  
  50  7:48  Zergling x4  
  54  7:57  Drone x3  
  57  7:59  Hatchery  
  56  8:06  Queen  
  56  8:09  Drone x2  
  60  8:19  Lair  
  60  8:38  Drone x2  
  60  8:39  Drone x4  
  66  9:19  Roach x3  
  70  9:24  Drone x4  
  70  9:25  Drone x4  
  53  9:48  Zergling x6  
  56  9:54  Queen  
  58  10:06  Zergling x6  
  61  10:16  Roach x3  
  61  10:17  Roach x3  
  73  10:31  Hydralisk Den  
  72  10:37  Spire  
  72  10:40  Zergling x12  
  77  10:43  Zergling x6  
  80  10:57  Overlord x3  
  80  11:02  Pneumatized Carapace  
  80  11:15  Queen  
  82  11:35  Roach x3  
  88  11:46  Burrow  
  71  12:37  Hydralisk x2  
  71  12:38  Hydralisk  
  77  12:46  Hydralisk  
  77  12:47  Hydralisk x7  
  93  13:06  Extractor  
  93  13:09  Mutalisk x5  
  93  13:10  Mutalisk  
  104  13:30  Overlord x3  
  104  13:55  Hydralisk x6  
  104  14:01  Overlord x5  
  116  14:20  Extractor  
  115  14:26  Hydralisk x3  
  115  14:30  Hydralisk x3  
  115  14:31  Hydralisk  
  127  14:33  Hydralisk x6  
  141  14:40  Mutalisk x3  
Show
View Real Time Build Order
Export as new Build Order

Omnyx Terran - Winner!

Build Orders:  

Get SALT Encoding   

  12  0:04  SCV  
  13  0:18  Supply Depot  
  13  0:19  SCV  
  14  0:32  SCV  
  15  0:44  SCV  
  15  0:48  Refinery  
  16  0:56  SCV  
  17  0:59  Refinery  
  17  1:08  SCV  
  18  1:20  Barracks, SCV  
  19  1:32  SCV  
  20  1:44  SCV  
  21  1:56  SCV  
  22  2:08  SCV  
  22  2:10  Supply Depot  
  23  2:31  SCV, Supply Depot  
  24  2:40  Barracks Reactor  
  24  2:43  SCV  
  25  2:54  Barracks  
  25  2:55  SCV, Supply Depot  
  26  3:08  Engineering Bay, SCV  
  27  3:17  Supply Depot  
  27  3:20  SCV  
  28  3:28  Command Center  
  28  3:31  Marine x2  
  28  3:32  SCV  
  31  3:38  Terran Infantry Weapons Level 1  
  31  3:39  Refinery  
  31  3:40  Supply Depot  
  31  3:44  SCV  
  32  3:48  Marine  
  32  3:49  Marine  
  34  3:56  SCV  
  34  3:57  Refinery  
  34  3:58  Barracks Tech Lab  
  35  4:06  Marine x2  
  37  4:19  Ghost Academy  
  37  4:24  Marine x2  
  37  4:28  Factory  
  39  4:50  SCV  
  40  4:53  SCV  
  41  5:02  SCV, Supply Depot  
  41  5:05  SCV  
  43  5:14  SCV  
  43  5:16  Combat Shields  
  43  5:17  SCV  
  45  5:22  Marine  
  45  5:23  Marine  
  45  5:25  Supply Depot  
  45  5:26  SCV  
  45  5:27  Marauder  
  50  5:29  SCV  
  51  5:38  SCV  
  51  5:41  SCV  
  53  6:01  Supply Depot x2  
  53  6:14  Marauder  
  53  6:17  Nuke  
  55  6:23  Terran Infantry Armor Level 1  
  55  6:24  Supply Depot  
  55  6:26  Supply Depot  
  55  6:34  Concussive Shells, Factory Tech Lab  
  55  6:35  Marauder  
  57  6:57  Marauder  
  57  7:00  Personal Cloaking  
  59  7:18  Stimpack, Marauder  
  61  7:27  Starport  
  61  7:30  Starport  
  61  7:40  Marauder  
  63  7:45  SCV  
  64  7:54  Siege Tank  
  67  8:05  Ghost  
  69  8:17  Building Armor  
  69  8:27  Siege Tank  
  72  8:34  Ghost  
  74  8:59  Siege Tank  
  74  9:02  Ghost  
  79  9:31  Siege Tank  
  82  9:56  Neosteel Frame  
  82  10:03  Siege Tank  
  85  10:59  Starport Reactor  
  85  11:01  Starport Tech Lab  
  85  11:15  Hi-Sec Auto Tracking  
  85  11:37  Banshee  
  85  11:39  Medivac  
  90  11:40  Medivac  
  92  11:52  Marine x2  
  94  11:55  Marauder  
  96  12:04  Nuke  
  96  12:09  Medivac, Marine  
  96  12:10  Medivac, Marine  
  102  12:17  Marauder  
  102  12:20  Banshee  
  107  12:22  Liberator  
  107  12:27  Marine x2  
  109  12:38  Marauder  
  109  12:39  Medivac  
  116  12:45  Marine x2  
  118  12:52  Liberator  
  118  13:00  Marauder  
  118  13:03  Banshee  
  126  13:21  Liberator  
  126  13:28  Ghost  
  124  16:02  Banshee  
Show
View Real Time Build Order
Export as new Build Order

RANURA DE IA (Media) Terran 

Build Orders:  

Get SALT Encoding   

  12  0:01  SCV  
  13  0:13  SCV  
  14  0:19  Supply Depot  
  14  0:25  SCV  
  15  0:41  SCV  
  16  0:43  Barracks  
  16  0:49  Refinery  
  16  0:53  SCV  
  17  1:05  SCV  
  18  1:17  Supply Depot  
  18  1:31  Marine  
  19  1:34  Orbital Command, Barracks  
  19  1:43  Refinery  
  19  1:49  Barracks Tech Lab  
  19  2:07  Marine  
  20  2:11  Supply Depot  
  20  2:25  Marine  
  20  2:27  Marine  
  22  2:31  SCV  
  23  2:43  Marauder, SCV  
  26  2:45  Marine  
  26  2:46  Supply Depot  
  27  2:55  Engineering Bay  
  27  2:56  SCV  
  28  3:03  Marine  
  29  3:07  Marauder  
  29  3:08  SCV  
  32  3:20  SCV  
  33  3:28  Marauder  
  33  3:32  SCV  
  36  4:56  Barracks Tech Lab  
  36  4:57  SCV  
  36  4:58  Marine  
  36  4:59  Factory  
  38  5:03  Factory  
  38  5:07  Supply Depot, Command Center  
  38  5:09  Missile Turret  
  38  5:11  Ghost Academy  
  38  5:13  Missile Turret  
  38  5:14  Sensor Tower  
  38  5:16  Marine  
  38  5:19  Barracks  
  38  5:20  Marauder  
  41  5:39  Bunker  
  41  5:40  Ghost  
  43  5:48  Factory Tech Lab x2, Starport  
  41  5:50  Marauder  
  41  5:52  Armory  
  33  6:08  Marine  
  34  6:12  Marine  
  35  6:20  SCV  
  35  6:22  SCV, Marine  
  35  6:25  Starport Tech Lab  
  38  6:31  Marauder  
  38  6:32  SCV  
  41  6:35  SCV  
  42  6:41  Marauder  
  42  6:44  SCV  
  42  6:45  Raven  
  48  6:47  SCV  
  48  6:48  Missile Turret  
  48  6:50  Marine  
  49  6:55  Missile Turret  
  49  6:56  SCV  
  49  6:59  SCV, Marine  
  52  7:08  SCV, Barracks Reactor, Marine  
  53  7:11  SCV  
  55  7:19  Bunker  
  55  7:20  SCV  
  56  7:23  SCV  
  56  7:28  Raven  
  59  7:32  SCV  
  59  7:35  SCV  
  61  7:44  SCV  
  61  7:46  Refinery  
  62  7:53  Refinery  
  62  8:08  SCV  
  62  8:11  SCV, Supply Depot  
  64  8:20  SCV  
  64  8:23  SCV  
  66  8:32  SCV  
  67  8:48  SCV  
  67  9:05  Medivac  
  67  9:06  Marine  
  67  9:07  Starport  
  67  9:09  Stimpack  
  70  9:10  Combat Shields, Supply Depot, Command Center  
  70  9:12  Marine  
  70  9:15  Terran Infantry Weapons Level 1, Engineering Bay  
  71  9:18  Marine  
  72  9:24  Marine  
  72  9:31  Fusion Core, Marine  
  71  9:35  Raven  
  71  9:37  Marine  
  73  9:41  Terran Infantry Armor Level 1  
  73  9:43  Armory, Marine  
  72  9:46  Medivac  
  72  9:47  Supply Depot  
  72  9:50  Marauder  
  74  9:56  Siege Tank  
  63  10:01  Marine  
  64  10:07  Cyclone  
  64  10:13  Marine  
  68  10:18  Raven  
  68  10:19  Marine  
  68  10:25  SCV, Marine  
  71  10:28  Concussive Shells, SCV  
  71  10:31  SCV, Marine  
  73  10:37  Marauder, SCV  
  73  10:40  SCV, Refinery  
  77  10:42  Marine  
  77  10:43  Missile Turret  
  77  10:44  SCV  
  77  10:46  Missile Turret  
  77  10:48  Starport Tech Lab, Refinery  
  77  10:49  Marauder, SCV  
  81  10:52  SCV  
  81  10:56  SCV  
  83  10:58  Marauder  
  83  11:01  SCV, Raven  
  88  11:04  SCV  
  88  11:08  SCV  
  88  11:09  Bunker  
  88  11:10  Marauder  
  92  11:13  Bunker  
  91  12:01  SCV  
  91  12:08  Marauder  
  92  12:10  Medivac  
  92  12:11  Medivac  
  92  12:14  Marine  
  78  12:19  Marine  
  66  12:25  Marine  
  65  12:31  Marauder  
  67  12:37  Marine  
  67  12:40  Raven  
  67  12:41  Raven  
  67  12:43  Marine  
  71  12:49  Marine  
  67  12:51  Armory  
  67  12:54  Siege Tank  
  67  12:57  Marine  
  71  12:58  Supply Depot  
  71  12:59  Terran Infantry Weapons Level 2  
  71  13:00  Cyclone  
  71  13:04  Marauder  
  71  13:06  Marine  
  71  13:09  Marine  
  72  13:15  Marauder  
  73  13:23  Medivac, Supply Depot  
  73  13:24  Marine x2, Raven  
  77  13:27  Marine  
  77  13:30  Siege Tank  
  76  13:36  Marine  
  69  13:42  Marine x2  
  69  13:45  Marine  
  68  13:53  Medivac  
  68  13:55  Marauder  
  71  13:57  Siege Tank  
  71  14:01  Marauder  
  80  14:11  Supply Depot  
  80  14:15  Marine  
  68  14:19  SCV  
  68  14:21  Marine  
  68  14:22  SCV  
  68  14:23  Viking  
  65  14:25  SCV  
  53  14:31  SCV  
  53  14:34  SCV  
  53  14:35  Command Center  
  29  15:20  SCV, Supply Depot  
  22  15:32  SCV  
  22  15:39  Barracks  
  18  15:44  SCV  
  18  15:47  SCV  
  20  15:57  SCV  
  20  16:00  SCV  
  21  16:09  SCV  
  21  16:12  SCV  
  21  16:13  Command Center  
  21  16:14  Refinery  
  22  16:21  SCV  
  22  16:33  SCV  
  22  16:36  Missile Turret  
  21  16:40  Missile Turret  
Show
View Real Time Build Order
Export as new Build Order

RANURA DE IA (Media) Protoss 

Build Orders:  

Get SALT Encoding   

  12  0:01  Probe (Chrono Boost)  
  13  0:12  Probe (Chrono Boost)  
  14  0:19  Pylon  
  14  0:22  Probe (Chrono Boost)  
  15  0:38  Probe (Chrono Boost)  
  16  0:47  Assimilator  
  16  0:48  Probe (Chrono Boost)  
  17  0:51  Gateway  
  17  0:58  Pylon  
  17  0:59  Probe (Chrono Boost)  
  18  1:27  Gateway  
  18  1:31  Assimilator  
  18  1:41  Cybernetics Core  
  18  1:42  Zealot  
  20  2:02  Pylon  
  20  2:11  Warp Gate  
  20  2:16  Adept  
  22  2:36  Zealot  
  24  2:52  Pylon  
  24  2:54  Adept  
  26  3:11  Probe (Chrono Boost)  
  27  3:13  Adept  
  29  3:23  Probe (Chrono Boost)  
  30  3:32  Adept  
  33  3:35  Pylon, Probe (Chrono Boost)  
  33  3:45  Forge  
  33  3:47  Probe (Chrono Boost)  
  34  3:50  Stalker  
  36  3:59  Probe (Chrono Boost)  
  38  4:10  Probe (Chrono Boost)  
  38  4:20  Adept  
  40  4:38  Adept  
  42  4:57  Adept  
  44  6:46  Stalker  
  46  6:48  Probe (Chrono Boost)  
  47  6:57  Nexus, Pylon  
  47  6:59  Sentry  
  47  7:00  Photon Cannon  
  49  7:01  Photon Cannon  
  49  7:02  Robotics Facility  
  49  7:05  Twilight Council  
  49  7:07  Gateway  
  49  7:09  Forge  
  49  7:12  Stalker  
  43  7:25  Stalker  
  33  7:38  Stalker  
  35  7:49  Observer  
  36  7:51  Sentry  
  38  8:04  Zealot  
  40  8:10  Observer, Probe (Chrono Boost)  
  43  8:13  Probe (Chrono Boost)  
  43  8:17  Stalker  
  43  8:19  Assimilator  
  45  8:21  Probe (Chrono Boost)  
  45  8:24  Probe (Chrono Boost), Assimilator  
  47  8:30  Adept  
  47  8:33  Probe (Chrono Boost)  
  50  8:34  Probe (Chrono Boost)  
  51  8:43  Zealot  
  51  8:44  Probe (Chrono Boost)  
  51  8:46  Probe (Chrono Boost)  
  56  8:55  Probe (Chrono Boost)  
  56  8:56  Adept  
  56  8:57  Probe (Chrono Boost)  
  58  9:06  Probe (Chrono Boost)  
  58  9:08  Probe (Chrono Boost)  
  60  9:16  Probe (Chrono Boost)  
  61  9:19  Probe (Chrono Boost)  
  62  9:27  Probe (Chrono Boost)  
  62  9:29  Probe (Chrono Boost)  
  64  9:38  Probe (Chrono Boost)  
  65  9:40  Probe (Chrono Boost)  
  66  9:48  Probe (Chrono Boost)  
  67  11:08  Protoss Ground Armor Level 1  
  67  11:14  Immortal, Protoss Ground Weapons Level 1  
  71  11:26  Pylon  
  71  11:38  Nexus  
  71  11:44  Stalker  
  65  11:48  Robotics Bay  
  65  11:49  Warp Prism  
  65  11:52  Pylon  
  57  11:56  Gateway  
  57  11:58  Stalker  
  57  12:00  Robotics Facility  
  53  12:12  Pylon, Stalker  
  53  12:13  Templar Archives  
  55  12:16  Dark Shrine  
  55  12:20  Stargate  
  55  12:22  Stargate  
  55  12:24  Warp Prism  
  55  12:26  Stalker  
  59  12:33  Observer Gravitic Boosters  
  59  12:40  Zealot  
  61  12:44  Observer  
  61  12:47  Zealot  
  65  12:52  Probe (Chrono Boost)  
  65  12:54  Probe (Chrono Boost)  
  65  12:55  Zealot  
  65  12:58  Probe (Chrono Boost)  
  69  13:03  Zealot  
  69  13:04  Probe (Chrono Boost)  
  73  13:05  Probe (Chrono Boost)  
  73  13:10  Fleet Beacon  
  69  13:15  Probe (Chrono Boost)  
  69  13:17  Sentry, Probe (Chrono Boost)  
  67  13:24  Stalker  
  67  13:26  Probe (Chrono Boost)  
  64  13:27  Gravitic Drive  
  64  13:28  Probe (Chrono Boost)  
  64  13:31  Zealot  
  64  13:32  Pylon  
  56  13:34  Observer  
  56  13:38  Probe (Chrono Boost), Zealot  
  56  13:40  Probe (Chrono Boost)  
  52  13:47  Zealot  
  54  13:52  Probe (Chrono Boost)  
  55  13:55  Probe (Chrono Boost)  
  55  13:56  Pylon  
  55  13:58  Zealot  
  57  14:03  Cybernetics Core  
  57  14:12  Immortal  
  60  14:22  Pylon  
  54  14:24  Void Ray  
  53  14:39  Sentry  
  52  14:58  Void Ray  
  50  15:08  Stalker  
  51  15:16  Robotics Facility  
  55  15:25  Nexus  
  54  15:31  Stalker  
  46  15:53  Zealot  
  44  15:59  Nexus  
  40  16:05  Probe (Chrono Boost)  
Show
View Real Time Build Order
Export as new Build Order

RANURA DE IA (Media) Protoss 

Build Orders:  

Get SALT Encoding   

  12  0:01  Probe (Chrono Boost)  
  13  0:11  Probe (Chrono Boost)  
  14  0:21  Pylon  
  14  0:22  Probe (Chrono Boost)  
  15  0:39  Probe (Chrono Boost)  
  16  0:47  Assimilator  
  17  0:50  Probe (Chrono Boost)  
  17  0:51  Gateway  
  17  1:00  Pylon, Probe (Chrono Boost)  
  18  1:31  Gateway  
  18  1:35  Assimilator  
  18  1:38  Zealot  
  18  1:40  Cybernetics Core  
  20  2:02  Zealot  
  22  2:10  Warp Gate  
  22  2:11  Pylon  
  22  2:19  Stalker  
  24  2:37  Stalker  
  26  2:57  Stalker  
  28  3:09  Pylon  
  28  3:10  Probe (Chrono Boost)  
  29  3:16  Stalker  
  31  3:22  Probe (Chrono Boost)  
  32  3:34  Probe (Chrono Boost), Forge  
  33  3:36  Adept  
  35  3:45  Probe (Chrono Boost)  
  36  3:55  Stalker  
  37  3:57  Probe (Chrono Boost)  
  39  4:08  Probe (Chrono Boost)  
  40  6:32  Sentry  
  42  6:34  Probe (Chrono Boost)  
  43  6:41  Pylon  
  43  6:44  Photon Cannon  
  43  6:45  Nexus, Sentry  
  45  6:48  Photon Cannon  
  45  6:51  Stargate  
  45  6:53  Twilight Council  
  45  6:58  Adept  
  45  6:59  Gateway  
  47  7:07  Pylon  
  47  7:11  Stalker  
  33  7:24  Stalker  
  35  7:37  Zealot  
  37  7:50  Stalker  
  39  7:58  Probe (Chrono Boost)  
  40  8:01  Probe (Chrono Boost)  
  40  8:04  Zealot  
  42  8:07  Assimilator  
  42  8:09  Probe (Chrono Boost)  
  42  8:11  Assimilator  
  44  8:13  Probe (Chrono Boost)  
  44  8:17  Stalker  
  47  8:20  Probe (Chrono Boost)  
  47  8:24  Probe (Chrono Boost)  
  48  8:29  Adept  
  48  8:31  Probe (Chrono Boost)  
  51  8:35  Probe (Chrono Boost)  
  52  8:42  Stalker, Probe (Chrono Boost)  
  52  8:46  Probe (Chrono Boost)  
  56  8:53  Probe (Chrono Boost)  
  57  8:57  Probe (Chrono Boost)  
  58  9:04  Probe (Chrono Boost)  
  58  9:07  Probe (Chrono Boost)  
  60  9:15  Probe (Chrono Boost)  
  61  9:18  Probe (Chrono Boost)  
  62  9:25  Probe (Chrono Boost)  
  62  9:28  Probe (Chrono Boost)  
  64  9:36  Probe (Chrono Boost)  
  65  9:39  Probe (Chrono Boost)  
  66  9:46  Probe (Chrono Boost)  
  67  10:19  Pylon  
  67  10:46  Robotics Facility  
  67  10:48  Forge  
  66  10:55  Protoss Ground Weapons Level 1  
  66  11:02  Stalker  
  68  11:06  Gateway  
  68  11:07  Nexus  
  68  11:11  Stargate, Stalker  
  68  11:16  Pylon  
  52  11:20  Stalker  
  52  11:21  Dark Shrine  
  49  11:30  Stalker  
  51  11:34  Warp Prism  
  51  11:38  Robotics Facility  
  51  11:39  Stalker  
  55  11:44  Photon Cannon  
  55  11:49  Stalker  
  57  11:58  Zealot  
  51  12:02  Pylon  
  51  12:05  Zealot  
  53  12:09  Observer  
  53  12:12  Zealot  
  56  12:20  Zealot  
  54  12:24  Fleet Beacon  
  54  12:27  Zealot  
  50  12:34  Probe (Chrono Boost)  
  50  12:35  Zealot  
  50  12:36  Probe (Chrono Boost)  
  47  12:40  Probe (Chrono Boost)  
  47  12:42  Zealot  
  45  12:49  Zealot  
  44  12:53  Void Ray  
  31  13:04  Zealot  
  25  13:06  Probe (Chrono Boost)  
  25  13:08  Probe (Chrono Boost)  
  17  13:13  Stalker  
  17  13:17  Probe (Chrono Boost)  
  18  13:22  Probe (Chrono Boost), Zealot  
  17  13:29  Probe (Chrono Boost), Zealot  
  17  13:33  Probe (Chrono Boost)  
  20  13:40  Probe (Chrono Boost)  
  16  13:46  Stalker, Probe (Chrono Boost)  
  18  13:51  Probe (Chrono Boost)  
  18  13:53  Zealot  
  17  13:57  Probe (Chrono Boost)  
  17  14:02  Nexus, Probe (Chrono Boost)  
  15  14:03  Stalker  
  15  14:09  Stargate  
  17  14:14  Robotics Facility  
  17  14:15  Probe (Chrono Boost)  
  16  14:19  Probe (Chrono Boost)  
  17  14:25  Probe (Chrono Boost)  
  17  14:30  Probe (Chrono Boost)  
  19  14:32  Stalker  
  21  14:42  Stalker  
  23  14:49  Void Ray  
  25  15:00  Stalker  
  25  15:07  Stalker  
  24  15:26  Probe (Chrono Boost)  
  24  15:28  Zealot  
  5  15:53  Pylon  
  4  15:58  Nexus  
  3  16:05  Nexus  
Tags
 
Add a new tag
Caveats
  • Supply blocks, unpowered buildings, or Contaminate may cause inaccurate times.
  • Supply counts are checked every 10 seconds.